 Dungeon Crawl Stone Soup version 0.30.0-17-ge0270778cf (webtiles) character file.

Game seed: 4725526251464558827

9366 McKennaii the Destroyer (level 11, -2/74 HPs)
             Began as a Demigod Conjurer on May 21, 2023.
             Slain by a shadow (26 damage)
             ... on level 11 of the Dungeon.
             The game lasted 00:15:29 (12417 turns).

McKennaii the Destroyer (Demigod Conjurer)         Turns: 12417, Time: 00:15:31

Health: -2/74      AC: 11    Str:  8    XL:     11   Next: 2%
Magic:  16/30      EV: 12    Int: 32    God:
Gold:   555        SH:  0    Dex: 12    Spells: 24/31 levels left

rFire   . . .        n - +3 dagger (protect)
rCold   . . .        (no shield)
rNeg    . . .        F - +0 steam dragon scales
rPois   .            h - +0 helmet
rElec   .            J - +2 cloak
rCorr   +            k - +0 pair of gloves
SInv    .            i - +0 pair of boots
Will    +....        f - amulet of magic regeneration
Stlth   ++           p - ring of resist corrosion
HPRegen 0.32/turn    C - ring of flight
MPRegen 0.62/turn

%: no passive effects
@: flying, slowed, very slow
A: high MP 1, forlorn, divine attributes
a: no special abilities


You were on level 11 of the Dungeon.
You visited 1 branch of the dungeon, and saw 11 of its levels.
You also visited: Ossuary.

You collected 695 gold pieces.
You spent 140 gold pieces at shops.

Inventory:

Hand Weapons
 n - a +3 dagger of protection (weapon)
Armour
 h - a +0 helmet (worn)
 i - a +0 pair of boots (worn)
 k - a +0 pair of gloves (worn)
 F - +0 steam dragon scales (worn)
 J - a +2 cloak (worn)
Magical Staves
 u - a staff of fire
Jewellery
 f - an amulet of magic regeneration (around neck)
 p - a ring of resist corrosion (left hand)
 C - a ring of flight (right hand)
Wands
 s - a wand of flame (52)
 y - a wand of mindburst (6)
 H - a wand of light (11)
Scrolls
 d - 2 scrolls of enchant weapon
 e - 3 scrolls of blinking
 g - 2 scrolls of fear
 j - 7 scrolls of teleportation
 l - 2 scrolls of magic mapping
 o - a scroll of immolation
 q - a scroll of amnesia
 t - a scroll of acquirement
 x - a scroll of silence
Potions
 b - a potion of magic
 c - a potion of curing
 m - 5 potions of heal wounds
 r - 4 potions of mutation
 v - 4 potions of lignification
 w - 3 potions of brilliance
 z - 4 potions of attraction
 A - 4 potions of might
 E - 3 potions of flight
 G - a potion of cancellation {unknown}
 I - 2 potions of haste


   Skills:
 - Level 1.7 Dodging
 - Level 1.7 Stealth
 + Level 10.7 Spellcasting
 + Level 12.0 Conjurations


You had 24 spell levels left.
You knew the following spells:

 Your Spells              Type           Power      Damage    Failure   Level
a - Magic Dart            Conj           100%       1d8       1%          1
b - Searing Ray           Conj           100%       2d8       1%          2
c - Iskenderun's Mystic   Conj/Tloc      54%        2d12      2%          4

Your spell library contained the following spells:

 Spells                   Type           Power      Damage    Failure   Level
 Momentum Strike          Conj/Tloc      100%       3d10      1%          2
 Static Discharge         Conj/Air       100%       2-7/arc   1%          2
 Dazzling Flash           Conj/Hex       100%       N/A       1%          3
 Mephitic Cloud           Conj/Pois/Air  42%        N/A       1%          3
 Stone Arrow              Conj/Erth      100%       3d13      1%          3
 Fulminant Prism          Conj/Hex       27%        3d14      2%          4
 Call Imp                 Summ           34%        N/A       4%          2
 Poisonous Vapours        Pois/Air       34%        N/A       4%          2
 Sublimation of Blood     Necr           17%        N/A       4%          2
 Wereblood                Tmut           17%        N/A       4%          2
 Call Canine Familiar     Summ           17%        N/A       9%          3
 Portal Projectile        Hex/Tloc       34%        N/A       9%          3
 Freezing Cloud           Conj/Ice/Air   21%        6-21      16%         5
 Animate Armour           Summ/Erth      34%        N/A       28%         4
 Leda's Liquefaction      Hex/Erth       8%         N/A       28%         4
 Summon Hydra             Summ           8%         N/A       100%        7
 Lehudib's Crystal Spear  Conj/Erth      27%        10d7      100%        8


Dungeon Overview and Level Annotations

Branches:
Dungeon (11/15)            Temple (0/1) D:6            Lair (0/5) D:9
    Orc (0/2) D:10        Ossuary (visited)

Shops:
D:4 :*   D:8 (   D:9 !


Innate Abilities, Weirdness & Mutations

You have an increased reservoir of magic. (+10% MP)
You shall have no god before yourself.
Your divine heritage dramatically boosts your attributes as you level up.


Message History

Press: ? - help, Shift-Dir - straight line, f - orc warrior
Aim: an orc warrior, wielding a +0 flail, wearing a +0 chain mail and quivering curare-tipped darts (81% to hit)
The searing ray hits the orc warrior.
The orc warrior is lightly wounded.
The searing ray hits something. (Press . to maintain the ray.)
The orc warrior hits you but does no damage.
Casting: Searing Ray (safe; 1% risk of failure)
Confirm with . or Enter, or press ? or * to list all spells.
You erupt in a blast of force!
The mystic blast hits the orc warrior!
The orc warrior is heavily wounded.
The orc warrior is knocked back by the mystic blast.
The mystic blast hits something!
The shadow strikes at you from the darkness!
Reactivating autopickup.
The shadow closely misses you.
The orc warrior throws a curare-tipped dart.
The curare-tipped dart hits you.
You are poisoned.
You have difficulty breathing.
* * * LOW HITPOINT WARNING * * *
You feel as though you will be slow longer.
Unknown command.
Casting: Iskenderun's Mystic Blast (dangerous; 2% risk of failure)
Confirm with . or Enter, or press ? or * to list all spells.
You erupt in a blast of force!
The mystic blast hits the shadow.
The shadow is severely damaged.
The shadow is knocked back by the mystic blast.
* * * LOW HITPOINT WARNING * * *
You feel very sick.
The shadow slips into darkness.
The shadow flickers and vanishes!
Deactivating autopickup; reactivate with Ctrl-A.
The orc warrior throws a curare-tipped dart.
The curare-tipped dart misses you.
Unknown command.
Unknown command.
You feel better.
The shadow strikes at you from the darkness!
You die...

...........###....#######..###...
...........# #....# #..# #...
...........# #....# #..# #...
...........# #....# #..###...
...........# #....# #........
...........# #....# #........
.........# #....#######........
.....###.........^...####..
..........@.........[# #..
.....................# #..
.....####.o..........# #.. ....
#))########..# .. ... #†.# ..
...) . ...... ........ ..........


You could see an orc warrior.

Vanquished Creatures
  2 two-headed ogres
  A gargoyle (D:10)
  3 unseen horrors
  A komodo dragon (D:11)
  A troll (D:8)
  A ynoxinul (D:8)
  A wraith (D:11)
  A shadow (D:9)
  6 yaks (D:10)
  2 humans (D:10)
  2 steam dragons
  2 acid dragons
  2 water moccasins
  8 orc warriors
  2 sky beasts
  2 black bears (D:9)
  An ice beast (D:7)
  An ogre (D:6)
  3 centaurs
  A kobold brigand (D:8)
  A phantom (D:6)
  2 elf zombies (Ossuary)
  2 gnoll sergeants
  3 bullfrogs
  3 scorpions
  4 wights (D:8)
  14 killer bees
  4 howler monkeys
  2 human zombies (Ossuary)
  4 orc priests
  4 hounds
  6 jellies
  2 centaur zombies (Ossuary)
  2 iguanas (D:4)
  4 orc wizards
  4 hound zombies (Ossuary)
  3 mummies (Ossuary)
  11 gnolls
  9 adders
  2 white imps (D:8)
  3 adder zombies (Ossuary)
  4 worms
  4 dart slugs
  26 orcs
  7 ball pythons
  5 bats
  9 endoplasms
  6 goblins
  5 hobgoblins
  11 jackals
  15 kobolds
  4 quokkas
  6 frilled lizards
  4 goblin zombies (Ossuary)
  6 hobgoblin zombies (Ossuary)
  2 jackal zombies (Ossuary)
  5 kobold zombies (Ossuary)
  2 quokka zombies (Ossuary)
  6 rats
  5 rat zombies (Ossuary)
  A spectral orc (D:3)
265 creatures vanquished.

Vanquished Creatures (others)
  An orc (D:11)
1 creature vanquished.

Grand Total: 266 creatures vanquished

Notes
Turn   | Place    | Note
-------+----------+-------------------------------------------
     0 | D:1      | McKennaii the Demigod Conjurer began the quest for the Orb.
     0 | D:1      | Reached XP level 1. HP: 14/14 MP: 5/5
   272 | D:1      | Reached XP level 2. HP: 20/20 MP: 4/7
   275 | D:1      | Learned a level 2 spell: Searing Ray
   444 | D:1      | Reached skill level 4 in Conjurations
  1055 | D:1      | Reached XP level 3. HP: 21/26 MP: 4/9
  1806 | D:2      | Reached XP level 4. HP: 33/33 MP: 9/11
  3287 | D:3      | Learned a level 4 spell: Iskenderun's Mystic Blast
  3552 | D:4      | Found Cuqo's Book Shoppe.
  3630 | D:4      | Reached XP level 5. HP: 38/38 MP: 7/13
  3696 | D:4      | Reached skill level 5 in Conjurations
  3935 | D:4      | Found Veomn's Neck Hole.
  4300 | D:5      | Entered Level 5 of the Dungeon
  4425 | D:5      | Noticed a water moccasin
  4442 | D:5      | Killed a water moccasin
  4443 | D:5      | Reached XP level 6. HP: 20/45 MP: 1/15
  4821 | D:5      | Identified the +5 spear of Tefereazuki {flame, Dex+3}
  5351 | D:6      | Reached skill level 6 in Conjurations
  5432 | D:6      | Found a sand-covered staircase.
  5439 | Ossuary  | Entered an ossuary
  5609 | Ossuary  | Reached XP level 7. HP: 47/50 MP: 0/17
  5795 | Ossuary  | Identified a scroll of acquirement
  5905 | Ossuary  | Reached skill level 5 in Spellcasting
  6613 | D:6      | Reached skill level 7 in Conjurations
  6729 | D:6      | Reached XP level 8. HP: 40/57 MP: 12/20
  6903 | D:6      | Found a staircase to the Ecumenical Temple.
  7533 | D:7      | Reached skill level 8 in Conjurations
  8412 | D:8      | Noticed a two-headed ogre
  8458 | D:8      | Reached XP level 9. HP: 21/62 MP: 18/24
  8459 | D:8      | Reached skill level 9 in Conjurations
  8672 | D:8      | Killed a two-headed ogre
  8868 | D:8      | Got Sif Muna's Opusculum on Striking
  9014 | D:8      | Reached skill level 10 in Conjurations
  9137 | D:8      | Found Oxeataf's Hydra Hut.
  9139 | D:8      | Noticed an eight-headed hydra
  9684 | D:9      | Found a staircase to the Lair.
  9990 | D:9      | Killed an unseen horror
  9991 | D:9      | Reached XP level 10. HP: 46/69 MP: 10/27
 10522 | D:9      | Found Xabiucva's Distillery.
 10528 | D:9      | Bought a potion of haste for 140 gold pieces
 10565 | D:10     | Entered Level 10 of the Dungeon
 10762 | D:10     | Found a staircase to the Orcish Mines.
 10964 | D:10     | Reached skill level 11 in Conjurations
 11193 | D:10     | Identified the +5 dagger "Vudo" {heavy, +Blink}
 11313 | D:10     | Reached skill level 10 in Spellcasting
 11736 | D:11     | Noticed a two-headed ogre
 11748 | D:11     | Killed a two-headed ogre
 12310 | D:11     | Reached skill level 12 in Conjurations
 12310 | D:11     | Reached XP level 11. HP: 60/74 MP: 17/30
 12417 | D:11     | Slain by a shadow

Illustrated notes

Levels and vault maps discovered:
D:1:      psy_arrival_fountain, layout_loops_ring, st_stairs_1,
          minmay_pentomino_s2
D:2:      layout_rooms, serial_bayou_pond_d, hangedman_abyss_or_decor_stabs
D:3:      layout_loops_ring, yredelemnul_forgotten_temple_becter,
          mainiacjoe_overflow_tiny_flanked, shapermc_ecumenical_altar_gd,
          kennysheep_generic_room_16
D:4:      layout_basic, serial_shops, nicolae_take_the_stairs,
          nicolae_shop_sticking_my_neck_out
D:5:      layout_basic, mainiacjoe_overflow_six_doors_small
D:6:      layout_loops_ring, minmay_temple_entry_drinking_statues,
          enter_ossuary_2, nicolae_fountain_basement
D:7:      layout_basic, kennysheep_decorative_pillar, kennysheep_generic_room_15
D:8:      layout_basic, lemuel_tele_altar,
          nzn_overflow_gifts_of_might_and_magic, doesnt_shop_hydraphobe
D:9:      layout_basic, lemuel_crystal_altar, grunt_lair_entry_orc_guard_hut,
          serial_shops, nicolae_shop_peninsula
D:10:     layout_roguey, mainiacjoe_overflow_boulevard, okawaru_humans,
          nicolae_gozag_cash_rules_everything_around_me, david_orc_2,
          feat_on_display
D:11:     layout_small_grid

Skill      XL: |  1  2  3  4  5  6  7  8  9 10 |
---------------+-------------------------------+-----
Spellcasting   | 2 3 4 6 7 9 10 | 10.7
Conjurations   | 4 5 6 7 8 10 12 | 12.0
Dodging        | |  1.7
Stealth        | |  1.7

Action                     |  1- 3 |  4- 6 |  7- 9 | 10-12 || total
---------------------------+-------+-------+-------+-------++-------
  Melee: Unarmed           |     3 |       |       |       ||     3
         Dagger            |       |     9 |    16 |     1 ||    26
   Cast: Magic Dart        |    92 |   111 |   146 |    46 ||   395
         Searing Ray       |     1 |    17 |    64 |    43 ||   125
         Iskenderun's Myst |       |       |    19 |    41 ||    60
    Use: Potion            |       |     3 |       |     2 ||     5
         Scroll            |       |     6 |     4 |     8 ||    18
 Armour: Robe              |     5 |    14 |    36 |       ||    55
         Steam dragon scal |       |       |    18 |    19 ||    37
  Dodge: Dodged            |    12 |    32 |    54 |    39 ||   137
